 Dungeon Crawl Stone Soup version 0.16-a0-3926-g4728e1c (webtiles) character file.

80 timbw the Slasher (level 4, 9/33 HPs)
             Began as a Human Skald on Feb 5, 2015.
             Quit the game on level 7 of the Dungeon.
             The game lasted 00:05:36 (1906 turns).

timbw the Slasher (Human Skald)                     Turns: 1906, Time: 00:05:36

Health: 9/33       AC:  3    Str: 12    XL:     4   Next: 65%
Magic:  1/7        EV: 11    Int: 12    God:
Gold:   73         SH:  0    Dex: 14    Spells: 3 memorised, 0 levels left

rFire  . . .     SeeInvis .     a - +0 falchion
rCold  . . .     Clarity  .     b - +0 leather armour
rNeg   . . .     SustAb   .     (no shield)
rPois  .         Gourm    .     (no helmet)
rElec  .         Spirit   .     (no cloak)
rCorr  .         Warding  .     (no gloves)
rMut   .         Stasis   .     (no boots)
MR     .....                    (no amulet)
Stlth  +.........               (no ring)
                                h - ring of teleport control

@: very slightly contaminated, not resistant to hostile enchantments, very
unstealthy
A: no striking features
a: Evoke Teleport Control


You were on level 7 of the Dungeon.
You were hungry.

You visited 1 branch of the dungeon, and saw 7 of its levels.

You collected 73 gold pieces.

Inventory:

Hand weapons
 a - a +0 falchion (weapon)
Armour
 b - a +0 leather armour (worn)
Jewellery
 h - a ring of teleport control (left hand)
Scrolls
 e - a scroll of teleportation
 i - a scroll of immolation {unknown}
 l - a scroll of fog {unknown}
Potions
 f - a potion of restore abilities {unknown}
 j - a potion of degeneration
 m - a potion of curing
 n - a potion of flight {unknown}
Books
 c - a book of Battle

   Spells                             Type                      Level
   a - Infusion                       Charms                       1
   b - Shroud of Golubria             Charms/Translocation         2
   c - Song of Slaying                Charms                       2
   d - Spectral Weapon                Hexes/Charms                 3
   e - Regeneration                   Charms/Necromancy            3
Comestibles
 d - a bread ration
 g - 8 fruits
 k - 2 beef jerkies


   Skills:
 - Level 2.0 Fighting
 + Level 3.8 Long Blades
 - Level 1.0 Armour
 - Level 1.0 Dodging
 - Level 2.0 Spellcasting
 + Level 3.8 Charms


You couldn't memorise any spells.
You knew the following spells:

 Your Spells              Type           Power        Failure   Level  Hunger
a - Infusion              Chrm           ##....       10%         1    ##.....
b - Regeneration          Chrm/Necr      #.........   58%         3    ####...
c - Spectral Weapon       Hex/Chrm       #.......     58%         3    ####...


Dungeon Overview and Level Annotations

Branches:
Dungeon (7/15)
 Temple: D:4-7

Altars:
Kikubaaqudgha
Nemelex Xobeh
Trog

Annotations:
D:6 Grinder


Message History

The air around you crackles with energy!
The shadow imp hits you but does no damage.
You hit the shadow imp.
The shadow imp is moderately wounded.
The shadow imp hits you.
You hit the shadow imp.
The shadow imp is heavily wounded.
The shadow imp hits you.
You hit the shadow imp but do no damage.
The shadow imp is heavily wounded.
The orc barely misses you. The shadow imp barely misses you.
You barely miss the shadow imp.
The shadow imp is heavily wounded.
The orc hits you.
* * * LOW HITPOINT WARNING * * *
The shadow imp completely misses you.
You hit the shadow imp but do no damage.
The shadow imp is heavily wounded.
The shadow imp completely misses you.
Are you sure you want to abandon this character and quit the game? (Confirm with "yes".)

#....# #....#
#...o### #.o..#.##
#$...#..######
#...5+.......#
#....#.......+
####'#.......#
#.@5o........#####+
#..o.........)...b.
#............#..b..
#............#b....
#............###+##
#..................
####+#............
#.............
###+####.....


You could see an orc wizard, a shadow imp and an orc.

Vanquished Creatures
  Jessica (D:3)
  3 adders (D:3)
  An adder skeleton (D:7)
  3 giant cockroaches
  3 hobgoblins
  6 ball pythons
  3 bats
  5 giant newts
  3 goblins
  2 kobolds (D:3)
  2 quokkas (D:3)
  8 rats
40 creatures vanquished.

Vanquished Creatures (others)
  2 orcs (D:4)
  A goblin (D:4)
  A giant newt (D:4)
  A rat (D:4)
5 creatures vanquished.

Grand Total: 45 creatures vanquished

Notes
Turn   | Place    | Note
--------------------------------------------------------------
     0 | D:1      | timbw, the Human Skald, began the quest for the Orb.
     0 | D:1      | Reached XP level 1. HP: 16/16 MP: 3/3
   230 | D:1      | Reached XP level 2. HP: 9/22 MP: 0/4
   412 | D:4      | Noticed a giant frog
   684 | D:3      | Reached XP level 3. HP: 27/27 MP: 1/6
   728 | D:3      | Learned a level 3 spell: Regeneration
  1195 | D:3      | Found an ancient bone altar of Kikubaaqudgha.
  1202 | D:3      | Noticed an ogre
  1213 | D:3      | Noticed Jessica
  1220 | D:3      | Killed Jessica
  1220 | D:3      | Reached XP level 4. HP: 11/33 MP: 2/7
  1227 | D:3      | Learned a level 3 spell: Spectral Weapon
  1336 | D:3      | Found a bloodstained altar of Trog.
  1560 | D:3      | Found a sparkling altar of Nemelex Xobeh.
  1732 | D:5      | Entered Level 5 of the Dungeon
  1736 | D:6      | Noticed Grinder
  1906 | D:7      | Quit the game

Action                   |  1- 3 |  4- 6 || total
-------------------------+-------+-------++-------
Melee: Falchion          |    98 |    30 ||   128
 Cast: Infusion          |    13 |     1 ||    14
       Regeneration      |       |     1 ||     1
  Use: Scroll            |     3 |       ||     3
  Eat: Chunk             |     1 |     3 ||     4
